 Dungeon Crawl Stone Soup version 0.29-a0-344-ge2f44be95a (webtiles) character file.

Game seed: 4834436765839808554

659 rabbitsville the Skirmisher (level 7, -1/79 HPs)
             Began as an Ogre Fighter on Apr 21, 2022.
             Slain by an adder (2 damage)
             ... on level 5 of the Dungeon.
             The game lasted 00:07:26 (4613 turns).

rabbitsville the Skirmisher (Ogre Fighter)          Turns: 4613, Time: 00:07:27

Health: -1/79      AC: -5    Str: 23    XL:     7   Next: 55%
Magic:  7/7        EV:  8    Int:  9    God:
Gold:   141        SH:  7    Dex:  8    Spells: 6/6 levels left

rFire   . . .      SeeInvis .   o - +0 mace (holy)
rCold   . . .      Faith    .   c - +0 kite shield
rNeg    . . .      Spirit   .   x - +0 robe {rPois}
rPois   +          Reflect  .   (helmet restricted)
rElec   .          Harm     .   (no cloak)
rCorr   .          Rampage  .   (gloves unavailable)
Will    .....                   (boots unavailable)
Stlth   +.........              (no amulet)
HPRegen 0.23/turn               (no ring)
MPRegen 0.10/turn               (no ring)

@: corroded
A: large, unfitting armour, tough skin 1
a: no special abilities


You were on level 5 of the Dungeon.
You visited 1 branch of the dungeon, and saw 5 of its levels.
You also visited: Ossuary.

You collected 211 gold pieces.
You spent 70 gold pieces at shops.

Inventory:

Hand Weapons
 a - a +0 flail
 o - a +0 mace of holy wrath (weapon)
Armour
 b - a +0 robe
 c - a +0 kite shield (worn)
 x - a +0 robe of poison resistance (worn)
Jewellery
 s - a ring of ice
Scrolls
 e - a scroll of fog {unknown}
 f - 5 scrolls of identify {unknown}
 h - a scroll of holy word {unknown}
 j - a scroll of amnesia {unknown}
 l - a scroll of immolation
 v - a scroll of fear {unknown}
 w - a scroll of blinking {unknown}
Potions
 d - 2 potions of might
 g - 2 potions of degeneration {unknown}
 i - 2 potions of curing {unknown}
 k - a potion of resistance {unknown}
 m - 3 potions of heal wounds {unknown}
 n - a potion of brilliance {unknown}
 p - a potion of magic {unknown}
 q - a potion of flight {unknown}
 r - a potion of berserk rage {unknown}
 t - a potion of ambrosia {unknown}
 u - a potion of haste {unknown}


   Skills:
 * Level 7.7 Fighting
 * Level 4.9 Maces & Flails
 - Level 2.6 Dodging
 + Level 4.2 Shields


You had 6 spell levels left.
You didn't know any spells.
Your spell library contained the following spells:

 Spells                   Type           Power      Damage    Failure   Level
 Animate Skeleton         Necr           0%         N/A       67%         1
 Apportation              Tloc           0%         N/A       67%         1
 Summon Small Mammal      Summ           0%         N/A       67%         1
 Sublimation of Blood     Necr           0%         N/A       80%         2
 Petrify                  Tmut/Erth      0%         N/A       100%        4
 Irradiate                Conj/Tmut      0%         3d13      100%        5


Dungeon Overview and Level Annotations

Branches:
Dungeon (5/15)            Ossuary (visited)
 Temple: D:4-7

Altars:
Gozag
Xom

Shops:
D:2 :[   D:3 (   D:5 *

Annotations:
D:2 1 runed translucent door, Crazy Yiuf


Innate Abilities, Weirdness & Mutations

You are too large for most types of armour.
You have tough skin. (AC +1)


Message History

You finish taking off your +0 robe.
You start putting on your armour.
You continue putting on your +0 robe of poison resistance. x5
You finish putting on your +0 robe of poison resistance.
You feel resistant to poison. As you open the door, it creaks loudly!
You hear an angry hiss.
There is an open door here.
Found an escape hatch in the ceiling.
A jelly comes into view.
The jelly quivers.
An adder comes into view.
The jelly hits you but does no damage. The jelly hits you.
The acid corrodes you!
You are splashed with acid!
You sock the jelly!
Your hands burn!
The jelly is heavily wounded.
The jelly hits you.
You are splashed with acid!
You hit the jelly.
Your hands burn!
The jelly is severely wounded.
The jelly hits you.
You are splashed with acid!
The jelly hits you.
You are splashed with acid!
The adder bites you.
You hit the jelly but do no damage. The acid corrodes you!
Your hands burn!
The jelly is severely wounded.
The adder barely misses you. The jelly hits you.
You are splashed with acid!
* * * LOW HITPOINT WARNING * * *
You hit the jelly but do no damage.
Your hands burn!
* * * LOW HITPOINT WARNING * * *
The jelly is severely wounded.
The adder bites you.
* * * LOW HITPOINT WARNING * * *
The jelly hits you.
* * * LOW HITPOINT WARNING * * *
You are splashed with acid!
* * * LOW HITPOINT WARNING * * *
The adder bites you.
* * * LOW HITPOINT WARNING * * *
You hit the jelly.
Your hands burn!
* * * LOW HITPOINT WARNING * * *
The jelly is severely wounded.
You block the jelly's attack. The adder bites you.
You die...

...####............
....##................#
.##..#.....<...........
###....................
#..............#.....
#....#####.....#....
##...#...#.........
##..÷.∩.'....J#
#..#...#...S@#
#...#####......#
#...#........#### #...
.......## ##.........!#
##.......... ........#
<.......#


You could see a jelly and an adder.

Vanquished Creatures
  A centaur (D:5)
  3 elf zombies (Ossuary)
  A centaur zombie (Ossuary)
  An orc priest (D:2)
  A human zombie (Ossuary)
  A jelly (D:3)
  An iguana (D:2)
  Terence (D:2)
  2 hound zombies (Ossuary)
  3 mummies (Ossuary)
  6 adders
  2 dart slugs
  4 orcs
  3 bats
  5 endoplasms
  A giant cockroach (D:2)
  A gnoll zombie (Ossuary)
  3 goblins
  4 hobgoblins (D:2)
  2 jackals (D:3)
  4 kobolds
  5 quokkas
  5 ball pythons
  2 frilled lizards
  5 goblin zombies (Ossuary)
  7 hobgoblin zombies (Ossuary)
  4 jackal zombies (Ossuary)
  4 kobold zombies (Ossuary)
  2 orc zombies (Ossuary)
  3 quokka zombies (Ossuary)
  2 rats
  3 rat zombies (Ossuary)
92 creatures vanquished.

Vanquished Creatures (others)
  17 plants (D:3)
17 creatures vanquished.

Grand Total: 109 creatures vanquished

Notes
Turn   | Place    | Note
-------+----------+-------------------------------------------
     0 | D:1      | rabbitsville the Ogre Fighter began the quest for the Orb.
     0 | D:1      | Reached XP level 1. HP: 24/24 MP: 1/1
   197 | D:1      | Reached XP level 2. HP: 31/32 MP: 2/2
   498 | D:1      | Found a faded altar of an unknown god.
   813 | D:2      | Reached XP level 3. HP: 29/40 MP: 3/3
   820 | D:2      | Reached skill level 5 in Fighting
   820 | D:2      | Reached XP level 4. HP: 23/50 MP: 4/4
  1353 | D:2      | Noticed Terence
  1369 | D:2      | Killed Terence
  1370 | D:2      | Reached XP level 5. HP: 42/58 MP: 5/5
  1497 | D:2      | Found a runed translucent door.
  1498 | D:2      | Noticed Crazy Yiuf
  1526 | D:2      | Found a shimmering altar of Xom.
  1603 | D:2      | Found Bushresch's Book Boutique.
  1695 | D:2      | Found Lud Biap's Antique Armour Shop.
  2284 | D:3      | Found an opulent altar of Gozag.
  2334 | D:3      | Found Zupheb's Weapon Shoppe.
  2740 | D:3      | Reached skill level 6 in Fighting
  2959 | D:4      | Noticed a lemure
  2959 | D:4      | Noticed a lemure
  2959 | D:4      | Noticed a lemure
  2980 | D:5      | Entered Level 5 of the Dungeon
  2980 | D:5      | Noticed a centaur
  2985 | D:5      | Found a sand-covered staircase.
  2992 | Ossuary  | Entered an ossuary
  3087 | Ossuary  | Reached XP level 6. HP: 26/68 MP: 6/6
  3507 | Ossuary  | Reached skill level 7 in Fighting
  3522 | Ossuary  | Reached XP level 7. HP: 20/78 MP: 7/7
  4377 | D:5      | Found Luis's Serpentskin Sales.
  4400 | D:5      | Bought a +0 robe of poison resistance for 70 gold pieces
  4612 | D:5      | HP: 2/79 [adder (4)]
  4613 | D:5      | Slain by an adder

Illustrated notes

Levels and vault maps discovered:
D:1:      psy_arrival_whirlpool, layout_rooms, hellmonk_ecumenical_altar_blasted
D:2:      minmay_skewed_foursquare, layout_rooms, serial_shops,
          nicolae_shop_behind_doors, nicolae_shop_behind_doors, basic_altar,
          uniq_crazy_yiuf_cottage, uniq_terence
D:3:      layout_loops_cross, mainiacjoe_overflow_cross_hatched, serial_shops,
          nicolae_shop_bloodbath_and_beyond, dk_noncrumbling_2
D:4:      layout_cave_pods, uniq_pikel
D:5:      layout_cave_pools, marbit_many_paths,
          minmay_temple_entry_enclosed_plants, chequers_ossuary_entry_cave,
          guppyfry_shop_venom

Skill      XL: |  1  2  3  4  5  6  7 |
---------------+----------------------+-----
Maces & Flails | 2 3 4 |  4.9
Fighting       | 5 6 7 |  7.7
Shields        | 3 4 |  4.2
Dodging        | |  2.6

Action                   |  1- 3 |  4- 6 |  7- 9 || total
-------------------------+-------+-------+-------++-------
Melee: Flail             |    59 |     7 |       ||    66
       Mace              |       |   234 |    73 ||   307
Armor: Robe              |    20 |    99 |    18 ||   137
Dodge: Dodged            |    31 |   130 |    31 ||   192
Block: Kite shield       |    21 |   124 |    29 ||   174

Table legend: (Time is in decaauts)
 A = Elapsed time spent in this place.
 B = Non-inter-level travel time spent in this place.
 C = Inter-level travel time spent in this place.
 D = Time resting spent in this place.
 E = Time spent auto-exploring this place.
 F = Levels seen in this place.
 G = Mean time per level.
                   A        B        C        D        E       F      G
               +--------+--------+--------+--------+--------+-----+--------+
         Total |   4747 |   4645 |    102 |    885 |   2598 |   6 |  791.2 |
       Dungeon |   3500 |   3398 |    102 |    217 |   2449 |   5 |  700.0 |
       Ossuary |   1246 |   1246 |      0 |    668 |    149 |   1 | 1246.0 |
               +--------+--------+--------+--------+--------+-----+--------+

Top non-repeatable levels by time:
     D:2: 1264 daAuts
 Ossuary: 1246 daAuts
     D:3: 921 daAuts
     D:1: 796 daAuts
     D:5: 447 daAuts
     D:4: 70 daAuts
